 Dungeon Crawl Stone Soup version 0.22.1-1-ga44c0e5 (webtiles) character file.

20253 MalarOregon the Carver (level 12, -3/108 HPs)
             Began as a Minotaur Fighter on Sept 22, 2018.
             Was a High Priest of Makhleb.
             Slain by a black mamba (11 damage)
             ... on level 3 of the Lair of Beasts.
             The game lasted 00:23:38 (12113 turns).

MalarOregon the Carver (Minotaur Fighter)          Turns: 12113, Time: 00:23:39

Health: -3/108     AC: 20    Str: 25    XL:     12   Next: 43%
Magic:  14/14      EV: 15    Int:  5    God:    Makhleb [*****.]
Gold:   598        SH: 17    Dex: 15    Spells: 11/11 levels left

rFire    . . .     SeeInvis .   m - +3 scimitar
rCold    + + .     Gourm    .   c - +0 shield
rNeg     . . .     Faith    .   G - +5 scale mail "Hosas" {rC+ Dex+4}
rPois    +         Spirit   .   (helmet restricted)
rElec    .         Reflect  +   j - +0 cloak
rCorr    .         Harm     .   f - +1 pair of gloves
MR       .....                  K - +1 pair of boots {Stlth+}
Stlth    +.........             F - +4 amulet of reflection
HPRegen  0.28/turn              D - ring of poison resistance
MPRegen  0.14/turn              o - ring of protection from cold

@: no status effects
A: retaliatory headbutt, horns 2
a: Minor Destruction, Lesser Servant of Makhleb, Major Destruction, Greater
Servant of Makhleb, Renounce Religion


You were on level 3 of the Lair of Beasts.
You worshipped Makhleb.
Makhleb was extremely pleased with you.
You were not hungry.

You visited 2 branches of the dungeon, and saw 13 of its levels.
You also visited: Ossuary.

You collected 832 gold pieces.
You spent 234 gold pieces at shops.

Inventory:

Hand Weapons
 m - a +3 scimitar (weapon)
   (You took it off a wight on level 9 of the Dungeon)
Missiles
 g - 67 poisoned needles
 p - 13 tomahawks (quivered)
 A - 7 needles of confusion
 B - 2 needles of sleeping
 C - 3 exploding tomahawks
 H - a throwing net {!f}
Armour
 a - the +27 Lear's hauberk
   (You found it on level 10 of the Dungeon)
 c - a +0 shield (worn)
 f - a +1 pair of gloves (worn)
   (You found it on level 4 of the Dungeon)
 j - a +0 cloak (worn)
   (You found it on level 1 of the Dungeon)
 G - the +5 scale mail "Hosas" (worn) {rC+ Dex+4}
   (You bought it in a shop on level 6 of the Dungeon)

   It affects your dexterity (+4).
   It protects you from cold.
 K - a +1 pair of boots of stealth (worn)
   (You found it on level 9 of the Dungeon)
Jewellery
 o - a ring of protection from cold (right hand)
   (You found it on level 9 of the Dungeon)
 D - a ring of poison resistance (left hand)
   (You found it on level 6 of the Dungeon)
 F - a +4 amulet of reflection (around neck)
   (You found it on level 6 of the Dungeon)
Wands
 i - a wand of polymorph (37)
   (You took it off an orc wizard on level 5 of the Dungeon)
Scrolls
 h - 8 scrolls of identify {@r1}
 s - 7 scrolls of teleportation {@r4}
 v - 3 scrolls of holy word {unknown}
 y - a scroll of enchant weapon {unknown}
 z - 4 scrolls of torment {unknown}
 I - a scroll of fog {unknown}
 L - 14 scrolls of remove curse {@r2}
 P - a scroll of magic mapping {unknown}
 Q - a scroll of enchant armour {unknown}
 T - a scroll of fear {unknown}
 U - a scroll of immolation {!r}
Potions
 b - 3 potions of agility
 d - 4 potions of might
 k - 5 potions of heal wounds {unknown}
 l - 4 potions of curing {unknown}
 n - a potion of magic {unknown}
 q - 2 potions of ambrosia {unknown}
 r - 5 potions of invisibility {unknown}
 t - 6 potions of lignification {unknown}
 u - a potion of cancellation {unknown}
 w - a potion of brilliance {unknown}
 x - 2 potions of resistance {unknown}
 E - a potion of berserk rage {unknown}
 J - a potion of flight {unknown}
 M - 2 potions of mutation {unknown}
 S - a potion of haste {unknown}
Miscellaneous
 O - a lightning rod (inert) {!a}
   (You found it on level 1 of the Lair of Beasts)
Comestibles
 e - 35 rations {!d}
 R - 5 chunks of flesh


   Skills:
 + Level 10.6 Fighting
 * Level 13.7 Long Blades
 + Level 10.6 Armour
 + Level 9.0 Dodging
 + Level 10.6 Shields
 + Level 4.5 Invocations


You had 11 spell levels left.
You didn't know any spells.
Your spell library contained the following spells:

 Spells                   Type           Power        Failure   Level  Hunger
 Corona                   Hex            #......      88%         1    ##.....
 Summon Butterflies       Summ           #.......     88%         1    ##.....
 Summon Small Mammal      Summ           #...         88%         1    ##.....
 Call Imp                 Summ           #.......     96%         2    ###....
 Ensorcelled Hibernation  Hex/Ice        #.....       96%         2    ###....
 Call Canine Familiar     Summ           #.......     99%         3    ####...
 Confuse                  Hex            #.......     99%         3    ####...
 Dazzling Spray           Conj/Hex       #.....       99%         3    ####...
 Summon Guardian Golem    Hex/Summ       #.......     99%         3    ####...
 Tukima's Dance           Hex            #.......     99%         3    ####...
 Summon Ice Beast         Ice/Summ       #.......     100%        4    #####..
 Summon Lightning Spire   Summ/Air       #.......     100%        4    #####..
 Summon Mana Viper        Hex/Summ       #.......     100%        5    ######.
 Summon Hydra             Summ           #.........   100%        7    #######


Dungeon Overview and Level Annotations

Branches:
Dungeon (10/15)            Temple (0/1) D:7            Lair (3/6) D:10
 Shoals (0/4) Lair:3       Spider (0/4) Lair:3
    Orc: D:9-12

Altars:
Ashenzari
Cheibriados
Dithmenos
Elyvilon
Fedhas
Gozag
Makhleb
Nemelex Xobeh
Okawaru
Qazlal
Ru
Sif Muna
Uskayaw
Wu Jian
Xom
The Shining One

Shops:
D:6 [

Annotations:
Lair:3 3 runed doors


Innate Abilities, Weirdness & Mutations

You reflexively headbutt those who attack you in melee.
You have a pair of horns on your head.


Message History

Unknown command.
Throwing (i - inventory. (/) - cycle)
p - 17 tomahawks (quivered)
Aim: a four-headed hydra (heavily wounded)
You throw a tomahawk.
The tomahawk hits the four-headed hydra.
You block the bullfrog's attack. The black mamba barely misses you.
The four-headed hydra misses you. The four-headed hydra bites you.
* * * LOW HITPOINT WARNING * * *
You block the four-headed hydra's attack.
The four-headed hydra bites you but does no damage.
The bullfrog barely misses you. You furiously retaliate!
You headbutt the bullfrog.
You kill the bullfrog!
Makhleb accepts your kill.
You feel better.
The black mamba bites you but does no damage.
You block the four-headed hydra's attack.
The four-headed hydra completely misses you.
The four-headed hydra bites you but does no damage.
The four-headed hydra barely misses you.
Unknown command.
Throwing (i - inventory. (/) - cycle)
p - 16 tomahawks (quivered)
Aim: a four-headed hydra (severely wounded)
You throw a tomahawk.
The tomahawk hits the four-headed hydra!
You block the black mamba's attack. The black mamba bites you.
* * * LOW HITPOINT WARNING * * *
The four-headed hydra completely misses you.
You riposte.
You hit the four-headed hydra.
You block the four-headed hydra's attack.
The four-headed hydra bites you but does no damage. x2
Unknown command.
Throwing (i - inventory. (/) - cycle)
p - 15 tomahawks (quivered)
Aim: a four-headed hydra (almost dead)
You throw a tomahawk.
The tomahawk hits the four-headed hydra.
The black mamba bites you!
* * * LOW HITPOINT WARNING * * *
You block the black mamba's attack.
You block the four-headed hydra's attack. x2
The four-headed hydra completely misses you.
The four-headed hydra closely misses you.
You block the black mamba's attack.
Unknown command.
Throwing (i - inventory. (/) - cycle)
p - 14 tomahawks (quivered)
Aim: a four-headed hydra (almost dead)
You throw a tomahawk.
The tomahawk barely misses the four-headed hydra.
The black mamba bites you!
You die...

....#...# #..
........# ##..
≈..#...## #...#
#.......# #### #
#..# #..#...#
#.#.) #?
#..###..#...#
#...#P. #.
#(.≈##..#...##
.......
#..##D..........#
.P##.#+
#..#.#@....#...##
.......
##..S#....#...##
.......
#)..####.###...#
.......
#.$#.S.### #..##
....... ###
...$####...#
.......
######....##
#.#.P## ...
##....# .......
.... ##....##
.......
...###.....#


You could see a four-headed hydra and a black mamba.

Vanquished Creatures
  2 hydras
  A queen ant (D:8)
  A deep elf archer (D:9)
  Pikel (D:8)
  A black mamba (Lair:1)
  A merfolk siren (Lair:3)
  A torpor snail (Lair:3)
  5 spiny frogs
  A rime drake (Lair:3)
  5 komodo dragons
  A polar bear (Lair:2)
  3 merfolk (Lair:3)
  3 dream sheep (Lair:3)
  2 hippogriffs
  4 redbacks (Lair:3)
  A wyvern (Lair:2)
  A human (D:7)
  A hungry ghost (D:7)
  4 hogs (D:7)
  2 basilisks
  9 soldier ants (D:8)
  A water moccasin (Lair:3)
  10 porcupines
  An orc warrior (D:6)
  2 sky beasts
  A necrophage (D:9)
  3 ice beasts
  3 ogres
  2 slaves (D:8)
  An eye of draining (D:7)
  4 phantoms
  2 centaurs (D:5)
  5 crocodiles
  2 big kobolds
  An elf zombie (Ossuary)
  16 bullfrogs
  A wyvern zombie (D:9)
  A gnoll sergeant (D:9)
  3 scorpions
  3 wights (D:9)
  48 killer bees (D:8)
  A howler monkey (D:6)
  4 crimson imps
  A bullfrog zombie (D:7)
  A quasit (D:7)
  7 centaur zombies
  6 human zombies (Ossuary)
  3 jellies
  5 hounds
  6 orc wizards
  5 orc priests
  Crazy Yiuf (D:5)
  A bullfrog skeleton (D:7)
  4 iguanas
  Jessica (D:2)
  18 worker ants
  A hound zombie (D:7)
  A hound skeleton (D:9)
  4 mummies
  A worker ant zombie (D:10)
  9 gnolls
  A howler monkey skeleton (D:9)
  16 adders
  3 shadow imps
  3 adder zombies
  3 adder skeletons
  2 worms (D:3)
  4 leopard geckos
  32 orcs
  3 ball pythons
  2 bats
  7 giant cockroaches
  3 goblins
  11 hobgoblins
  3 jackals (D:7)
  13 kobolds
  3 quokkas
  6 frilled lizards
  A goblin zombie (D:5)
  A jackal skeleton (D:6)
  A leopard gecko skeleton (D:6)
  An orc zombie (D:5)
  A quokka zombie (D:7)
  7 rats
367 creatures vanquished.

Vanquished Creatures (others)
  2 slaves (D:8)
  2 centaurs
  A worker ant (D:8)
  2 jackals (D:7)
  A fungus (Lair:3)
  A plant (D:10)
9 creatures vanquished.

Grand Total: 376 creatures vanquished

Notes
Turn   | Place    | Note
-------+----------+-------------------------------------------
     0 | D:1      | MalarOregon the Minotaur Fighter began the quest for the
                  | Orb.
     0 | D:1      | Reached XP level 1. HP: 19/19 MP: 0/0
   155 | D:1      | Reached XP level 2. HP: 27/27 MP: 1/1
   435 | D:1      | Reached skill level 3 in Long Blades
   801 | D:1      | Reached skill level 1 in Dodging
  1029 | D:2      | Reached XP level 3. HP: 33/33 MP: 2/2
  1050 | D:2      | Found a glowing golden altar of the Shining One.
  1323 | D:2      | Reached XP level 4. HP: 32/40 MP: 3/3
  1426 | D:2      | Noticed Jessica
  1429 | D:2      | Killed Jessica
  1429 | D:2      | Reached skill level 4 in Long Blades
  1437 | D:2      | Found a burning altar of Makhleb.
  1437 | D:2      | Noticed an Executioner
  1440 | D:2      | Noticed an orange demon
  1440 | D:2      | Noticed a smoke demon
  1442 | D:2      | Became a worshipper of Makhleb the Destroyer
  1526 | D:2      | Reached XP level 5. HP: 47/47 MP: 4/4
  1669 | D:2      | Found a blossoming altar of Fedhas.
  2158 | D:3      | Noticed an ogre
  2166 | D:3      | Killed an ogre
  2166 | D:3      | Reached XP level 6. HP: 6/55 MP: 5/5
  2820 | D:4      | Found a hide-covered altar of Uskayaw.
  2857 | D:4      | Found an opulent altar of Gozag.
  2927 | D:4      | Reached skill level 5 in Fighting
  2927 | D:4      | Reached skill level 5 in Long Blades
  3197 | D:4      | Found an iron altar of Okawaru.
  3273 | D:4      | Reached skill level 5 in Armour
  3273 | D:4      | Reached skill level 5 in Shields
  3441 | D:4      | Reached XP level 7. HP: 58/61 MP: 6/6
  3519 | D:5      | Entered Level 5 of the Dungeon
  3530 | D:5      | Reached * piety under Makhleb
  3550 | D:5      | Reached skill level 6 in Long Blades
  3691 | D:5      | Found a sand-covered staircase.
  3981 | Ossuary  | Entered an ossuary
  4038 | Ossuary  | Reached XP level 8. HP: 70/70 MP: 7/7
  4113 | Ossuary  | Reached skill level 7 in Long Blades
  4345 | D:5      | Reached ** piety under Makhleb
  4385 | D:5      | Found an ornate altar of the Wu Jian Council.
  4697 | D:5      | Found a runed door.
  4783 | D:5      | Found a sacrificial altar of Ru.
  4806 | D:5      | Reached skill level 8 in Long Blades
  5207 | D:5      | Noticed Crazy Yiuf
  5211 | D:5      | Killed Crazy Yiuf
  5343 | D:6      | Reached XP level 9. HP: 75/78 MP: 8/8
  5362 | D:6      | Reached skill level 5 in Dodging
  5710 | D:6      | Found Keoqez's Antique Armour Boutique.
  5719 | D:6      | Bought a transparent scale mail for 234 gold pieces
  5729 | D:6      | Identified the +5 scale mail "Hosas" {rC+ Dex+4} (You
                  | bought it in a shop on level 6 of the Dungeon)
  6021 | D:7      | Found a shimmering altar of Xom.
  6021 | D:7      | Found a shimmering altar of Xom.
  6021 | D:7      | Found a shimmering altar of Xom.
  6074 | D:6      | Reached skill level 9 in Long Blades
  6197 | D:7      | Reached *** piety under Makhleb
  6249 | D:7      | Found a shimmering altar of Xom.
  6251 | D:7      | Found a shimmering altar of Xom.
  6251 | D:7      | Found a shimmering altar of Xom.
  6258 | D:7      | Found a shimmering altar of Xom.
  6639 | D:7      | Reached skill level 10 in Long Blades
  6674 | D:7      | Found a staircase to the Ecumenical Temple.
  6948 | D:8      | Reached XP level 10. HP: 88/88 MP: 9/9
  6967 | D:8      | Noticed a queen ant
  6968 | D:8      | Noticed Pikel
  7000 | D:8      | Killed a queen ant
  7029 | D:8      | Reached **** piety under Makhleb
  7226 | D:8      | Killed Pikel
  7226 | D:8      | Reached skill level 11 in Long Blades
  7353 | D:8      | Found a sparkling altar of Nemelex Xobeh.
  7659 | D:8      | Reached XP level 11. HP: 97/97 MP: 10/10
  7700 | D:8      | Found a snail-covered altar of Cheibriados.
  7948 | D:8      | Reached ***** piety under Makhleb
  8136 | D:8      | Reached skill level 1 in Invocations
  8192 | D:8      | Found a white marble altar of Elyvilon.
  8319 | D:9      | Found a shadowy altar of Dithmenos.
  8449 | D:9      | Found a runed door.
  8548 | D:9      | Found a shattered altar of Ashenzari.
  8595 | D:9      | Reached skill level 12 in Long Blades
  8865 | D:9      | Found a deep blue altar of Sif Muna.
  9103 | D:9      | Found a stormy altar of Qazlal.
  9215 | D:9      | Noticed a deep elf archer
  9254 | D:9      | Killed a deep elf archer
  9313 | D:10     | Entered Level 10 of the Dungeon
  9380 | D:10     | Found the +27 Lear's hauberk
  9582 | D:10     | Found a staircase to the Lair.
  9874 | Lair:1   | Entered Level 1 of the Lair of Beasts
 10365 | Lair:1   | Noticed a five-headed hydra
 10373 | Lair:1   | Killed a five-headed hydra
 10992 | Lair:2   | Reached skill level 10 in Armour
 11032 | Lair:2   | Reached skill level 10 in Shields
 11082 | Lair:2   | Reached skill level 10 in Fighting
 11380 | Lair:2   | Reached skill level 13 in Long Blades
 11663 | Lair:3   | Found a staircase to the Shoals.
 11672 | Lair:3   | Reached XP level 12. HP: 83/106 MP: 13/13
 11713 | Lair:3   | Found a runed gate.
 11713 | Lair:3   | Found a runed gate.
 11715 | Lair:3   | Found a runed gate.
 11940 | Lair:3   | Found a hole to the Spider Nest.
 12096 | Lair:3   | Noticed a four-headed hydra
 12096 | Lair:3   | Noticed a four-headed hydra
 12106 | Lair:3   | Killed a four-headed hydra
 12113 | Lair:3   | Slain by a black mamba

Skill      XL: |  1  2  3  4  5  6  7  8  9 10 11 12 |
---------------+-------------------------------------+-----
Long Blades    | 3 4 5 6 8 10 11 13 | 13.7
Dodging        | 1 2 3 4 6 7 8 9 |  9.0
Fighting       | 4 5 6 7 9 10 | 10.6
Armour         | 4 5 6 8 9 10 | 10.6
Shields        | 4 5 6 7 9 10 | 10.6
Invocations    | 3 4 |  4.5

Action                   |  1- 3 |  4- 6 |  7- 9 | 10-12 || total
-------------------------+-------+-------+-------+-------++-------
Melee: Long sword        |   108 |   129 |   439 |   439 ||  1115
       Headbutt          |    14 |    28 |   129 |   190 ||   361
       Unarmed           |       |       |    12 |       ||    12
       Scimitar          |       |       |       |   307 ||   307
Throw: Tomahawk          |       |       |       |     6 ||     6
       Javelin           |       |       |       |     6 ||     6
Evoke: Lightning rod     |       |       |       |     7 ||     7
  Use: Scroll            |       |       |     6 |     1 ||     7
 Stab: Confused          |       |       |     1 |       ||     1
  Eat: Chunk             |     1 |     7 |    12 |    19 ||    39
Armor: Scale mail        |    15 |       |    38 |   202 ||   255
       Plate armour      |    43 |    58 |   183 |       ||   284
       Skin              |       |       |     2 |       ||     2
Dodge: Dodged            |    18 |    20 |   140 |   299 ||   477
Block: Shield            |    55 |    49 |   309 |   581 ||   994
       Reflection        |       |       |     5 |    16 ||    21
       Rpst.: Long sword |     5 |     9 |    32 |    38 ||    84
       Scimitar          |       |       |       |    24 ||    24
